 Dungeon Crawl Stone Soup version 0.25-a0-734-g73332aeda9 (webtiles) character file.

Game seed: 10558097813523024093, levelgen mode: deterministic

41 kae the Ruffian (level 3, -1/28 HPs)
             Began as a Draconian Transmuter on Apr 10, 2020.
             Slain by a worm (8 damage)
             ... on level 2 of the Dungeon.
             The game lasted 00:01:01 (1279 turns).

kae the Ruffian (Draconian Transmuter)              Turns: 1279, Time: 00:01:02

Health: -1/28      AC:  5    Str: 13    XL:     3   Next: 32%
Magic:  6/6        EV: 12    Int: 13    God:
Gold:   51         SH:  0    Dex: 11    Spells: 0/6 levels left

rFire    . . .     SeeInvis .     - Unarmed
rCold    . . .     Gourm    .   (no shield)
rNeg     . . .     Faith    .   (armour unavailable)
rPois    .         Spirit   .   (helmet restricted)
rElec    .         Reflect  .   (no cloak)
rCorr    .         Harm     .   (no gloves)
MR       .....                  (no boots)
Stlth    +.........             (no amulet)
HPRegen  0.09/turn              (no ring)
MPRegen  0.10/turn              (no ring)

@: appendage (expiring)
A: unfitting armour, horns 2, cold-blooded, AC +5
a: End Transformation


You were on level 2 of the Dungeon.
You were hungry.
You had grown temporary horns.
You visited 1 branch of the dungeon, and saw 2 of its levels.

You collected 51 gold pieces.

Inventory:

Missiles
 a - 12 arrows
Scrolls
 b - a scroll of identify {unknown}
 f - a scroll of noise
Potions
 d - 2 potions of flight {unknown}
 e - 2 potions of heal wounds {unknown}
 g - a potion of lignification {unknown}
Comestibles
 c - 7 rations


   Skills:
 - Level 1.1 Fighting
 - Level 1.7 Dodging
 * Level 3.8 Unarmed Combat
 + Level 2.4 Spellcasting
 + Level 2.5 Transmutations


You couldn't memorise any spells.
You knew the following spells:

 Your Spells              Type           Power        Failure   Level  Hunger
a - Beastly Appendage     Tmut           #.....       9%          1    #......
b - Sticks to Snakes      Tmut           #.......     13%         2    ###....
c - Spider Form           Tmut/Pois      #.........   41%         3    ###....

Your spell library contained the following spells:

 Spells                   Type           Power        Failure   Level  Hunger
 Ice Form                 Ice/Tmut       #.......     82%         4    #####..
 Blade Hands              Tmut           #.........   94%         5    ######.


Dungeon Overview and Level Annotations

Branches:
Dungeon (2/15)

Altars:


Innate Abilities, Weirdness & Mutations

Your plain brown scales are hard. (AC +5)
You cannot fit into any form of body armour.
You are cold-blooded and may be slowed by cold attacks.
You have a pair of horns on your head.


Message History

You hit the worm.
The worm is heavily wounded.
You hit the worm. You headbutt the worm.
The worm is severely wounded.
The worm bites you!
You hit the worm.
The worm is almost dead.
The worm bites you.
* * * LOW HITPOINT WARNING * * *
You hit the worm but do no damage.
The worm is almost dead.
You hit the worm but do no damage.
The worm is almost dead.
The worm closely misses you.
You hit the worm but do no damage.
The worm is severely wounded.
You hit the worm.
The worm is almost dead.
The worm bites you!
You die...

......###........
#####.# ######.##
#.# #.# .# ... .#
#.# .# #.# .#
#.####### #.# .#
#...w@..# #.##.#
#######.# #.##.# #.#
#.##.###### ###.#
.)......... ..#.#
#<##.###### #.#)#
...#.# # #.#.#
###..########.##.#.#
# #....##...#.#(...#


You could see a worm.

Vanquished Creatures
  A dart slug (D:1)
  A leopard gecko (D:2)
  6 bats
  3 giant cockroaches (D:2)
  7 goblins
  5 hobgoblins (D:1)
  5 frilled lizards
  2 kobolds (D:1)
  7 rats
37 creatures vanquished.

Notes
Turn   | Place    | Note
-------+----------+-------------------------------------------
     0 | D:1      | kae the Draconian Transmuter began the quest for the Orb.
     0 | D:1      | Reached XP level 1. HP: 16/16 MP: 3/3
   234 | D:1      | Reached XP level 2. HP: 22/23 MP: 3/5
   862 | D:1      | Reached XP level 3. HP: 22/28 MP: 4/6
   948 | D:2      | Learned a level 2 spell: Sticks to Snakes
   952 | D:2      | Learned a level 3 spell: Spider Form
  1279 | D:2      | Slain by a worm

Levels and vault maps discovered:
D:1:      lemuel_arrival_room, layout_basic, chequers_serial_rivers_large_a,
          st_stairs_13, minmay_tree_intersection, minmay_tall_x
D:2:      layout_loops_ring, kennysheep_generic_room_11

Action                   || total
-------------------------++-------
Melee: Unarmed           ||   117
       Kick              ||     8
       Headbutt          ||     4
       Tailslap          ||     4
       Punch             ||     2
 Cast: Beastly Appendage ||    23
  Use: Scroll            ||     2
  Eat: Chunk             ||     1
Armor: Skin              ||    43
Dodge: Dodged            ||    94

Table legend:
 A = Non-vault XP
 B = Vault XP
 C = Vault XP percentage of total XP
 D = Non-vault monster count
 E = Vault monster count
 F = Vault count percentage of total count
                 A         B        C        D         E       F
            +---------+---------+-------+---------+---------+-------
      Total |      50 |       9 |  15.3 |      31 |       6 |  16.2
            +---------+---------+-------+---------+---------+-------
        D:1 |      32 |       9 |  22.0 |      19 |       6 |  24.0
        D:2 |      18 |       0 |   0.0 |      12 |       0 |   0.0
            +---------+---------+-------+---------+---------+-------
